 Dungeon Crawl Stone Soup version 0.21-a0-404-g291f19a (webtiles) character file.

922 Spoonicorn the Cleaver (level 8, 0/103 HPs)
             Began as a Hill Orc Berserker on Oct 26, 2017.
             Was an Elder of Trog.
             Slain by a hippogriff (3 damage)
             ... on level 6 of the Dungeon.
             The game lasted 00:14:00 (4379 turns).

Spoonicorn the Cleaver (Hill Orc Berserker)         Turns: 4379, Time: 00:14:01

Health: 0/103      AC:  8    Str: 26    XL:     8   Next: 10%
Magic:  8/8        EV: 11    Int:  7    God:    Trog [****..]
Gold:   514        SH:  0    Dex: 11    Spells: 7/7 levels left

rFire    . . .     SeeInvis .   k - +3 hand axe (flame)
rCold    . . .     Gourm    .   (no shield)
rNeg     . . .     Faith    .   e - +0 ring mail
rPois    .         Spirit   .   (no helmet)
rElec    .         Reflect  .   n - +1 cloak
rCorr    .         Harm     .   (no gloves)
MR       +....                  (no boots)
Stlth    ..........             (no amulet)
HPRegen  0.27/turn              (no ring)
MPRegen  0.11/turn              (no ring)

@: berserking, drained, very quick
A: magic resistance 1
a: Berserk, Trog's Hand, Brothers in Arms, Burn Spellbooks, Renounce Religion


You were on level 6 of the Dungeon.
You worshipped Trog.
Trog was greatly pleased with you.
You were very hungry.

You visited 1 branch of the dungeon, and saw 6 of its levels.
You also visited: Ossuary.

You collected 514 gold pieces.

Inventory:

Hand Weapons
 a - a +0 hand axe
 k - a +3 hand axe of flaming (weapon)
 r - a +0 war axe
Armour
 e - a +0 ring mail (worn)
 n - a +1 cloak (worn)
Wands
 w - a wand of random effects (14/48)
Scrolls
 f - 5 scrolls of remove curse
 i - 4 scrolls of enchant armour
 o - 4 scrolls of identify
 q - 2 scrolls of teleportation
 t - 2 scrolls of enchant weapon
 u - a scroll of fog
 y - 2 scrolls of fear
 B - 2 scrolls of noise {unknown}
Potions
 b - 2 potions of magic {unknown}
 d - a potion of resistance {unknown}
 g - 3 potions of curing
 h - 2 potions of brilliance
 j - 3 potions of haste
 l - a potion of agility {unknown}
 m - 4 potions of mutation
 s - a potion of berserk rage {unknown}
 v - a potion of might {unknown}
 x - 2 potions of cancellation
Books
 p - a book of Cantrips

   Spells                             Type                      Level
   a - Confusing Touch                Hexes                        1
   b - Animate Skeleton               Necromancy                   1
   c - Summon Small Mammal            Summoning                    1
   d - Apportation                    Translocation                1
   Trog disapproves of the use of such an item.
Comestibles
 c - 5 bread rations
 z - a meat ration
 A - a royal jelly


   Skills:
 + Level 5.6(4.9) Fighting
 + Level 9.3(8.6) Axes
 + Level 4.8(4.2) Armour
 + Level 2.9(2.3) Dodging


You had 7 spell levels left.
You didn't know any spells.

Dungeon Overview and Level Annotations

Branches:
Dungeon (6/15)             Temple (0/1) D:5

Altars:
Cheibriados
Elyvilon
Fedhas
Hepliaklqana
Kikubaaqudgha
Okawaru
Ru
Sif Muna
Yredelemnul
Zin
The Shining One


Innate Abilities, Weirdness & Mutations

You are resistant to hostile enchantments. (MR+)


Message History

Pain shoots through your body!
* * * LOW HITPOINT WARNING * * *
A red film seems to cover your vision as you go berserk!
You feel yourself moving faster!
You feel mighty!
You are feeling very hungry.
The hippogriff bites you but does no damage.
The hippogriff completely misses you.
The hippogriff claws you but does no damage.
The orc priest invokes the aid of Beogh against you.
Beogh smites you!
* * * LOW HITPOINT WARNING * * *
You slash the hippogriff! You burn the hippogriff.
The hippogriff is almost dead.
You slash the orc priest! You burn the orc priest.
You kill the orc priest!
Trog accepts your kill. The hippogriff bites you.
* * * LOW HITPOINT WARNING * * *
The hippogriff barely misses you. The hippogriff claws you.
You die...

#.....# #. #.....#
#.##.....##
......$...#
#.........#
..........# #.#
......))..## #.#
......†@...# #.#
......H....# #.#
...#####.#.# #.# .
#.#.# #.####
...###.#.###.##<#
.................#
........#..##.##.#
....###.##.##.##.#
... #.##..#.##.#


You could see a hippogriff.

Vanquished Creatures
  A phantom (D:5)
  A sky beast (D:4)
  A scorpion (D:4)
  The ghost of firefreeman the Cudgeler, a weakling MiBe of Trog (D:3)
  A hound (D:6)
  An orc priest (D:6)
  A bullfrog skeleton (D:4)
  2 orc wizards
  4 worker ants
  An iguana (D:4)
  A big kobold zombie (Ossuary)
  8 mummies (Ossuary)
  7 gnolls
  8 adders
  An ooze (D:4)
  5 worms
  3 dart slugs
  A leopard gecko (D:3)
  14 orcs
  7 bats
  2 giant cockroaches (D:3)
  7 goblins
  6 hobgoblins
  12 jackals
  5 kobolds
  4 quokkas
  2 ball pythons
  8 frilled lizards
  A giant cockroach zombie (D:5)
  2 gnoll zombies (Ossuary)
  A hobgoblin zombie (Ossuary)
  A jackal zombie (D:5)
  2 kobold zombies (Ossuary)
  2 orc zombies (Ossuary)
  6 rats
130 creatures vanquished.

Notes
Turn   | Place    | Note
-------+----------+-------------------------------------------
     0 | D:1      | Spoonicorn the Hill Orc Berserker began the quest for the Orb.
     0 | D:1      | Reached XP level 1. HP: 19/19 MP: 1/1
   181 | D:1      | Reached XP level 2. HP: 27/27 MP: 2/2
   999 | D:2      | Reached XP level 3. HP: 22/33 MP: 3/3
  1329 | D:2      | Reached ** piety under Trog
  1390 | D:2      | Reached skill level 5 in Axes
  1445 | D:2      | Reached XP level 4. HP: 30/40 MP: 4/4
  1521 | D:2      | Found a glowing silver altar of Zin.
  1574 | D:2      | Found a sacrificial altar of Ru.
  2022 | D:3      | Noticed firefreeman's ghost (weakling MiBe)
  2028 | D:3      | Killed firefreeman's ghost
  2028 | D:3      | Reached XP level 5. HP: 25/47 MP: 5/5
  2079 | D:3      | Reached skill level 6 in Axes
  2085 | D:3      | Gained mutation: You are resistant to hostile enchantments. (MR+) [potion of mutation]
  2085 | D:3      | Gained mutation: Scrolls take you a little longer to read. [potion of mutation]
  2085 | D:3      | Lost mutation: Scrolls take you a little longer to read. [potion of mutation]
  2148 | D:3      | Found an iron altar of Okawaru.
  2252 | D:3      | Found a snail-covered altar of Cheibriados.
  2574 | D:3      | Reached XP level 6. HP: 53/53 MP: 6/6
  2658 | D:4      | Reached *** piety under Trog
  2690 | D:4      | Reached skill level 7 in Axes
  2946 | D:4      | Noticed a sky beast
  2959 | D:4      | Killed a sky beast
  2959 | D:4      | Reached skill level 5 in Fighting
  2959 | D:4      | Reached XP level 7. HP: 31/61 MP: 7/7
  3075 | D:4      | Found a basalt altar of Yredelemnul.
  3166 | D:4      | Found a glowing golden altar of the Shining One.
  3174 | D:4      | Reached skill level 8 in Axes
  3190 | D:4      | Found a glowing golden altar of the Shining One.
  3390 | D:4      | Found an ancient bone altar of Kikubaaqudgha.
  3422 | D:5      | Entered Level 5 of the Dungeon
  3444 | D:5      | Found a white marble altar of Elyvilon.
  3447 | D:5      | Found a sand-covered staircase.
  3454 | Ossuary  | Entered an ossuary
  3697 | D:5      | Found a staircase to the Ecumenical Temple.
  3725 | D:5      | Reached **** piety under Trog
  3905 | D:5      | Reached skill level 9 in Axes
  3999 | D:5      | Found a deep blue altar of Sif Muna.
  4049 | D:5      | Found a blossoming altar of Fedhas.
  4049 | D:5      | Found a hazy altar of Hepliaklqana.
  4367 | D:6      | Noticed a hippogriff
  4372 | D:6      | Reached XP level 8. HP: 64/69 MP: 8/8
  4379 | D:6      | HP: 3/103 [hippogriff (5)]
  4379 | D:6      | Slain by a hippogriff

Vault maps used:
D:1:      dpeg_arrival_ternary, minmay_pentomino_o4
D:2:      nicolae_ru_sacrificial_ziggurat, zin_statuary, minmay_liquid_box
D:3:      minmay_diamond_boxcup, kennysheep_slug_shrine,
          okawaru_ov_weapons_minmay
D:4:      lemuel_doored_altar, lemuel_round_altar, kennysheep_mini, first_bread,
          tso_metal_star
D:5:      led_sif_pool, lemuel_crystal_altar,
          gammafunk_temple_overflow_elements,
          minmay_temple_entry_statues_pillars,
          lightli_ossuary_entry_decrepit_ruins
D:6:      uniq_edmund, uniq_pikel
Ossuary:  ossuary_tomb_3

Skill      XL: |  1  2  3  4  5  6  7 |
---------------+----------------------+-----
Fighting       | 4 5 |  5.6
Axes           | 5 6 7 9 |  9.3
Armour         | 3 4 |  4.8
Dodging        | 2 |  2.9

Action                   |  1- 3 |  4- 6 |  7- 9 || total
-------------------------+-------+-------+-------++-------
Melee: Hand axe          |   120 |   145 |   137 ||   402
       War axe           |       |    35 |       ||    35
Invok: Berserk           |     1 |     2 |     1 ||     4
  Use: Potion            |       |     4 |     1 ||     5
       Scroll            |       |       |     7 ||     7
  Eat: Chunk             |     2 |     6 |     4 ||    12
       Royal jelly       |       |     1 |       ||     1
Armor: Ring mail         |    34 |    68 |    43 ||   145
Dodge: Dodged            |    67 |   102 |    86 ||   255

Table legend:
 A = Spawn XP
 B = Non-spawn XP
 C = Spawn XP percentage of total XP
 D = Spawn monster count
 E = Non-spawn monster count
 F = Spawn count percentage of total count
 G = Total turns spent on level
                    A         B        C        D         E        F      G
               +---------+---------+-------+---------+---------+-------+---------
         Total |       0 |    1318 |   0.0 |       0 |     130 |   0.0 |  4379
               +---------+---------+-------+---------+---------+-------+---------
           D:1 |       0 |      29 |   0.0 |       0 |      18 |   0.0 |   970
           D:2 |       0 |      70 |   0.0 |       0 |      17 |   0.0 |   707
           D:3 |       0 |     223 |   0.0 |       0 |      35 |   0.0 |   957
           D:4 |       0 |     475 |   0.0 |       0 |      28 |   0.0 |   788
           D:5 |       0 |     212 |   0.0 |       0 |      11 |   0.0 |   738
           D:6 |       0 |     133 |   0.0 |       0 |       5 |   0.0 |    26
       Ossuary |       0 |     176 |   0.0 |       0 |      16 |   0.0 |   193
               +---------+---------+-------+---------+---------+-------+---------
